 Dungeon Crawl Stone Soup version 0.28.0-53-g5a82cb258f (webtiles) character file.

Game seed: 12635926760629651494

111 LynnLen the Sneak (level 4, -4/24 HPs)
             Began as a Vampire Enchanter on Aug 6, 2022.
             Slain by Terence
             ... wielding a +0 trident of venom
              (6 damage)
             ... on level 2 of the Dungeon.
             The game lasted 00:05:12 (1465 turns).

LynnLen the Sneak (Vampire Enchanter)               Turns: 1465, Time: 00:05:13

Health: -4/24      AC:  4    Str:  7    XL:     4   Next: 62%
Magic:  1/7        EV: 11    Int: 17    God:
Gold:   166        SH:  0    Dex: 16    Spells: 4/7 levels left

rFire   . . .      SeeInvis +   a - +2 dagger
rCold   + + .      Faith    .   (no shield)
rNeg    + + +      Spirit   .   d - +0 leather armour
rPois   ∞          Reflect  .   (no helmet)
rElec   .          Harm     .   j - +0 cloak
rCorr   .          Rampage  .   (no gloves)
Will    .....                   (no boots)
Stlth   +++++.....              (no amulet)
HPRegen 0.00/turn               (no ring)
MPRegen 0.10/turn               (no ring)

@: about to teleport, very slightly contaminated, bloodless, inhibited regen,
slowed, very slow
A: bloodless, fangs 3, see invisible, vampiric 2
a: Bat Form, Revivify


You were on level 2 of the Dungeon.
You visited 1 branch of the dungeon, and saw 2 of its levels.

You collected 166 gold pieces.

Inventory:

Hand Weapons
 a - a +2 dagger (weapon)
Missiles
 g - 38 sling bullets
 i - 66 stones (quivered)
Armour
 b - a +0 robe
 d - a +0 leather armour (worn)
 j - a +0 cloak (worn)
Scrolls
 f - 2 scrolls of teleportation
 m - 2 scrolls of immolation
Potions
 c - a potion of mutation
 h - a potion of invisibility
 l - a potion of lignification


   Skills:
 * Level 4.1 Short Blades
 - Level 2.1 Dodging
 + Level 6.0 Stealth
 - Level 2.0 Spellcasting
 - Level 4.4 Hexes


You had 4 spell levels left.
You knew the following spells:

 Your Spells              Type           Power      Damage    Failure   Level
a - Confusing Touch       Hex            16%        N/A       14%         3

Your spell library contained the following spells:

 Spells                   Type           Power      Damage    Failure   Level
 Tukima's Dance           Hex            16%        N/A       14%         3
 Ensorcelled Hibernation  Hex/Ice        18%        N/A       19%         2
 Dazzling Flash           Conj/Hex       18%        N/A       34%         3


Dungeon Overview and Level Annotations

Branches:
Dungeon (2/15)

Altars:

Annotations:
D:2 Terence


Innate Abilities, Weirdness & Mutations

You do not regenerate when monsters are visible.
You are frail without blood (-20% HP).
You can heal yourself when you bite living creatures.
You are immune to poison.
You have razor-sharp teeth.
You have supernaturally acute eyesight. (SInv)
You are afflicted with vampirism and can become a bat while bloodless.


Message History

c - a potion of mutation
As you read the scroll of identify, it crumbles to dust.
m - 2 scrolls of immolation
Found an escape hatch in the ceiling.
Found a stone staircase leading down.
There is a stone staircase leading down here.
Press: ? - help, v - describe, . - travel
Here: Terence, wielding a +0 trident of venom and wearing a +0 scale mail (wandering, hasn't noticed you)
The floor.
You begin bloodletting.
You continue bloodletting. x5
You become bloodless.
Okay, then.
Okay, then.
Terence shouts!
The kobold shouts!
Throw: throwing net
Press: ? - help, Q - select action, (/) - cycle Shift-Dir - straight line, f - Terence
Aim: Terence, wielding a +0 trident of venom and wearing a +0 scale mail (63% to hit)
You throw a throwing net.
The throwing net closely misses Terence.
Casting: Confusing Touch (quite dangerous; 14% risk of failure)
Confirm with . or Enter, or press ? or * to list all spells.
You miscast Confusing Touch.
You are very lightly contaminated with residual magic.
Nothing appears to happen.
Terence misses you.
Casting: Confusing Touch (quite dangerous; 14% risk of failure)
Confirm with . or Enter, or press ? or * to list all spells.
You miscast Confusing Touch.
You feel a strange surge of energy.
You feel yourself slow down.
Terence hits you from afar with a +0 trident of venom!
Casting: Confusing Touch (quite dangerous; 14% risk of failure)
Confirm with . or Enter, or press ? or * to list all spells.
You don't have enough magic to cast this spell.
As you read the scroll of teleportation, it crumbles to dust.
You feel strangely unstable. Terence closely misses you.
The kobold hits you with a +0 short sword.
Terence hits you from afar with a +0 trident of venom!
* * * LOW HITPOINT WARNING * * *
Terence hits you from afar with a +0 trident of venom.
You die...

#........##......)........#
#..<..)...#..#...#..#.....#
#.........##.#.).#..#......#
##...#.....##.#...#..#.###..#
#...##......................#
#####.#.##.....#.....#..........#
.............................#.#
............###..###.#.......#
........##...#..@###........##
......###.#.###..K@....(....#
.....###.#.##†##............#
.....##.#.##.#.##...#...#.###
....##÷#.##.#.#.###.#...#.#
...##.#.##.#.#.#.##.....#.#
..##.#.##.#.###.#.##....#.#
.##.#.##.#.##.##.#.###....#
##.#.##)#.##.#.##.#.###..##


You could see Terence and a kobold.

Vanquished Creatures
  Natasha (D:2)
  5 adders (D:2)
  3 dart slugs
  4 endoplasms
  4 giant cockroaches (D:2)
  3 goblins (D:2)
  A hobgoblin (D:2)
  2 kobolds (D:1)
  A quokka (D:2)
  8 ball pythons
  3 bats
  2 rats
37 creatures vanquished.

Notes
Turn   | Place    | Note
-------+----------+-------------------------------------------
     0 | D:1      | LynnLen the Vampire Enchanter began the quest for the Orb.
     0 | D:1      | Reached XP level 1. HP: 13/13 MP: 3/3
   305 | D:1      | Reached XP level 2. HP: 17/19 MP: 5/5
   762 | D:2      | Found a faded altar of an unknown god.
   812 | D:2      | Reached skill level 5 in Stealth
   819 | D:2      | Gained mutation: You are afflicted with vampirism and can
                  | become a bat while bloodless. [Vampire growth]
   819 | D:2      | Reached XP level 3. HP: 23/24 MP: 6/6
   823 | D:2      | Learned a level 3 spell: Confusing Touch
  1001 | D:2      | Reached XP level 4. HP: 10/30 MP: 3/7
  1112 | D:2      | Noticed Natasha
  1119 | D:2      | Killed Natasha
  1156 | D:2      | Noticed Terence
  1252 | D:2      | Reached skill level 6 in Stealth
  1465 | D:2      | Slain by Terence

Illustrated notes

Levels and vault maps discovered:
D:1:      psy_arrival_statuary, layout_rooms, minivault_5
D:2:      minmay_inner_zag, layout_rooms, hellmonk_ecumenical_altar_lost_god,
          uniq_terence, uniq_natasha

Skill      XL: |  1  2  3  4 |
---------------+-------------+-----
Short Blades   | 2 3 4 |  4.1
Stealth        | 5 6 |  6.0
Dodging        | |  2.1
Spellcasting   | |  2.0
Hexes          | |  4.4

Action                   |  1- 3 |  4- 6 || total
-------------------------+-------+-------++-------
Melee: Dagger            |   101 |    29 ||   130
       Bite              |     6 |     3 ||     9
       Punch             |     2 |       ||     2
Throw: Stone             |     1 |       ||     1
       Throwing net      |       |     1 ||     1
 Cast: Confusing Touch   |     1 |     1 ||     2
 Abil: Exsanguinate      |       |     1 ||     1
  Use: Scroll            |     5 |     3 ||     8
       Potion            |     1 |       ||     1
 Stab: Sleeping          |     6 |     3 ||     9
       Invisible         |     2 |       ||     2
       Confused          |     1 |     1 ||     2
       Distracted        |     1 |       ||     1
Armor: Leather armour    |    17 |     3 ||    20
Dodge: Dodged            |    48 |    13 ||    61
